 Dungeon Crawl Stone Soup version 0.26.1-2-gb8aa6d0cf2 (webtiles) character file.

Game seed: 7790290802659306535

141 pokeman the Magician (level 5, -7/29 HPs)
             Began as a Deep Elf Hedge Wizard on Feb 13, 2021.
             Mangled by a killer bee (10 damage)
             ... on level 4 of the Dungeon.
             The game lasted 00:05:57 (2915 turns).

pokeman the Magician (Deep Elf Hedge Wizard)        Turns: 2915, Time: 00:05:58

Health: -7/29      AC:  3    Str:  7    XL:     5   Next: 3%
Magic:  1/15       EV: 13    Int: 20    God:
Gold:   98         SH:  0    Dex: 14    Spells: 5/16 levels left

rFire    . . .     SeeInvis .   n - +4 quarterstaff (chaos)
rCold    . . .     Faith    .   (shield currently unavailable)
rNeg     . . .     Spirit   .   b - +0 robe
rPois    .         Reflect  .   c - +0 hat
rElec    .         Harm     .   o - +0 cloak
rCorr    .         Rampage  .   (no gloves)
Will     .....                  (no boots)
Stlth    ++........             (no amulet)
HPRegen  0.09/turn              p - ring of flight
MPRegen  0.14/turn              (no ring)

@: no status effects
A: no striking features
a: Evoke Flight


You were on level 4 of the Dungeon.
You visited 1 branch of the dungeon, and saw 4 of its levels.

You collected 98 gold pieces.

Inventory:

Hand Weapons
 n - a +4 quarterstaff of chaos (weapon)
Missiles
 m - 23 arrows
Armour
 b - a +0 robe (worn)
 c - a +0 hat (worn)
 o - a +0 cloak (worn)
Jewellery
 p - a ring of flight (left hand)
Scrolls
 a - a scroll of fog {unknown}
 e - 3 scrolls of remove curse {unknown}
 h - a scroll of teleportation {unknown}
 l - 4 scrolls of identify {unknown}
 q - a scroll of immolation {unknown}
Potions
 d - a potion of invisibility {unknown}
 f - a potion of brilliance {unknown}
 g - a potion of might {unknown}
 i - 2 potions of curing {unknown}
 j - a potion of heal wounds {unknown}
 k - a potion of magic {unknown}


   Skills:
 - Level 1.1 Fighting
 - Level 1.0 Armour
 + Level 2.8 Dodging
 - Level 2.4 Stealth
 * Level 6.0 Spellcasting
 + Level 2.5 Conjurations
 - Level 1.1 Summonings
 - Level 1.1 Translocations
 - Level 1.0 Fire Magic
 + Level 0.0 Air Magic


You had 5 spell levels left.
You knew the following spells:

 Your Spells              Type           Power        Failure   Level
a - Magic Dart            Conj           64%          3%          1
b - Mephitic Cloud        Conj/Pois/Air  9%           22%         3
c - Call Imp              Summ           10%          10%         2
d - Blink                 Tloc           N/A          10%         2
e - Conjure Flame         Conj/Fire      13%          16%         3

Your spell library contained the following spells:

 Spells                   Type           Power        Failure   Level
 Slow                     Hex            6%           16%         2


Dungeon Overview and Level Annotations

Branches:
Dungeon (4/15)
 Temple: D:4-7

Altars:
Okawaru


Message History

You hit the hound.
The hound evaporates and reforms as a killer bee!
The killer bee is severely wounded.
You feel sick.
The killer bee stings you but does no damage.
The killer bee stings you.
* * * LOW HITPOINT WARNING * * *
Casting: Magic Dart (safe; 3% risk of failure)
Confirm with . or Enter, or press ? or * to list all spells.
You don't have enough magic to cast that spell.
There are monsters nearby!
Unknown command.
The killer bee misses you. The killer bee barely misses you.
The killer bee misses you. The killer bee barely misses you.
There is a stone staircase leading up here.
You feel sick.
You are no longer poisoned.
The killer bee closely misses you. The killer bee stings you!
You die...

.........
###....##..
#.)........
#.......$..
#..........
#........#
+.........#
###Z........#
#@yo<.......#
#############


You could see a killer bee, an orc and an adder skeleton.

Vanquished Creatures
  Crazy Yiuf (D:2)
  Natasha (D:2)
  A worker ant (D:4)
  An adder (D:2)
  An ooze (D:2)
  5 leopard geckos
  An orc (D:4)
  4 giant cockroaches
  5 goblins
  6 hobgoblins
  3 jackals (D:1)
  A quokka (D:2)
  2 bats (D:1)
  4 frilled lizards (D:1)
  5 kobolds
  5 rats
46 creatures vanquished.

Notes
Turn   | Place    | Note
-------+----------+-------------------------------------------
     0 | D:1      | pokeman the Deep Elf Hedge Wizard began the quest for the
                  | Orb.
     0 | D:1      | Reached XP level 1. HP: 10/10 MP: 7/7
   197 | D:1      | Reached XP level 2. HP: 16/16 MP: 4/9
   649 | D:1      | Reached skill level 5 in Spellcasting
   756 | D:1      | Reached XP level 3. HP: 20/20 MP: 6/11
   760 | D:1      | Learned a level 3 spell: Mephitic Cloud
   763 | D:1      | Learned a level 2 spell: Call Imp
   766 | D:1      | Learned a level 2 spell: Blink
   770 | D:1      | Learned a level 3 spell: Conjure Flame
   987 | D:2      | Found an iron altar of Okawaru.
  1513 | D:2      | Noticed Natasha
  1518 | D:2      | Killed Natasha
  1519 | D:2      | Reached skill level 1 in Fighting
  1519 | D:2      | Reached skill level 1 in Armour
  1564 | D:2      | Reached XP level 4. HP: 25/25 MP: 6/13
  1687 | D:2      | Found a runed translucent door.
  1688 | D:2      | Noticed Crazy Yiuf
  1719 | D:2      | Killed Crazy Yiuf
  2890 | D:4      | Reached skill level 6 in Spellcasting
  2890 | D:4      | Reached skill level 1 in Fire Magic
  2890 | D:4      | Reached XP level 5. HP: 19/29 MP: 2/15
  2915 | D:4      | Mangled by a killer bee

Illustrated notes

Levels and vault maps discovered:
D:1:      ebering_trefoil_twist, layout_rooms
D:2:      layout_loops_corners, okawaru_ov_weapons_minmay,
          uniq_crazy_yiuf_cottage, uniq_natasha
D:3:      layout_basic
D:4:      wad_river_or_something, layout_basic, temple_hall,
          cheibrodos_gnoll_hut, uniq_blork_the_orc

Skill      XL: |  1  2  3  4 |
---------------+-------------+-----
Spellcasting   | 5 6 |  6.0
Fighting       | 1 |  1.1
Armour         | 1 |  1.0
Conjurations   | 2 |  2.5
Fire Magic     | 1 |  1.0
Dodging        | |  2.8
Stealth        | |  2.4
Summonings     | |  1.1
Translocations | |  1.1

Action                   |  1- 3 |  4- 6 || total
-------------------------+-------+-------++-------
Melee: Dagger            |     7 |     1 ||     8
       Quarterstaff      |       |     5 ||     5
 Cast: Magic Dart        |    99 |    24 ||   123
       Mephitic Cloud    |       |     3 ||     3
       Conjure Flame     |       |     2 ||     2
       Call Imp          |       |     1 ||     1
 Stab: Confused          |       |     1 ||     1
Armor: Robe              |     7 |     2 ||     9
Dodge: Dodged            |    14 |    13 ||    27
